 Dungeon Crawl Stone Soup version 0.11.3 (webtiles) character file.

325 drugless the Covered (level 5, 43/47 HPs)
             Began as a Minotaur Fighter on Oct 18, 2013.
             Quit the game on Level 4 of the Dungeon.
             The game lasted 00:09:57 (2957 turns).

drugless the Covered (Minotaur Fighter)             Turns: 2957, Time: 00:09:57

HP  43/47        AC  7     Str 21      XL: 5   Next: 15%
MP   1/1         EV  6     Int  5      God:
Gold 181         SH 19     Dex 10      Spells:  0 memorised,  4 levels left

Res.Fire  : . . .   See Invis. : .   a - +0 hand axe {=f}
Res.Cold  : . . .   Warding    : .   b - +0 scale mail
Life Prot.: . . .   Conserve   : .   c - +0 shield
Res.Poison: .       Res.Corr.  : .   (helmet restricted)
Res.Elec. : .       Clarity    : .   (no cloak)
Sust.Abil.: . .     Spirit.Shd : .   (no gloves)
Res.Mut.  : .       Stasis     : .   (no boots)
Res.Rott. : .       Ctrl.Telep.: .   (no amulet)
Saprovore : . . .   Levitation : .   (no ring) Ctrl.Flight: .
                                     (no ring)

@: slightly resistant to hostile enchantments, extremely unstealthy
A: retaliatory headbutt, horns 2
a: no special abilities


You were on level 4 of the Dungeon.
You were starving.

You visited 1 branch of the dungeon, and saw 4 of its levels.

You collected 161 gold pieces.

Inventory:

Hand weapons
 a - a +0,+0 hand axe (weapon) {=f}
 i - a +0,+0 spear (quivered)
Armour
 b - a +0 scale mail (worn)
 c - a +0 shield (worn)
Magical devices
 r - a wand of flame (17) {unknown}
 v - a wand of lightning (7) {unknown}
Comestibles
 d - 2 bread rations
 m - a meat ration
 u - 2 rotting chunks of human flesh
Scrolls
 e - 2 scrolls of magic mapping {unknown}
 h - 4 scrolls of teleportation {unknown}
 j - 2 scrolls of curse armour {unknown}
 k - a scroll of amnesia {unknown}
 l - 4 scrolls of remove curse {unknown}
 p - a scroll of identify {unknown}
 q - a scroll of curse weapon {unknown}
Potions
 f - a potion of agility {unknown}
 g - 2 potions of degeneration {unknown}
 n - a potion of restore abilities {unknown}
 o - 2 potions of curing {unknown}
 t - a potion of magic {unknown}
Books
 s - Ashenzari's Grimoire of Culinary Dark Arts {unknown, }
   (You found it on level 3 of the Dungeon)

   Spells                             Type                      Level
   Animate Skeleton                   Necromancy                   1


   Skills:
 + Level 5.0 Fighting
 + Level 4.1 Axes
 + Level 5.0 Armour
 - Level 3.6 Shields


You had 4 spell levels left.
You didn't know any spells.

Dungeon Overview and Level Annotations

Branches:
Dungeon (4/27)
 Temple: D:4-7

Altars:
Ashenzari

Shops:
D:4: /

Annotations
D:4 Pikel


Innate Abilities, Weirdness & Mutations

You reflexively headbutt those who attack you in melee.
You have a pair of horns on your head.


Message History

The hobgoblin is almost dead.
The hobgoblin hits you but does no damage.
Your shield and scale mail prevent you from hitting the hobgoblin.
The hobgoblin is almost dead.
The hobgoblin hits you but does no damage.
You barely miss the hobgoblin.
The hobgoblin is almost dead.
The hobgoblin hits you but does no damage.
You hit the hobgoblin.
You kill the hobgoblin!
Things that are here:
a club; 10 darts; a hobgoblin corpse You start resting.
You smell something rotten. (slot u)
You start resting.
Your stomach is not as upset anymore, and you need some food.
You are starving!
Eat which item? (? for menu, Esc to quit)
You can't eat that!
Are you sure you want to abandon this character and quit the game? (Confirm with "yes".)

...=....##.## ######....#
#....#...##.. #......####
.....w#.∩.##.. #......#
.......#...##.. #......#
.....#...##.# ######.# ... #.#
#.# ####...#.#### #.##%###.#
#...........#
...##...(.##.###...........#
...........(.@...............#
.......#...########......####
###....#####.............#
##### #......#......##
#......##......#
#.##...##......#
#.##########...# #.# #####
##### ######.#####


There were no monsters in sight!

Vanquished Creatures
  A slave (D:4)
  A worker ant (D:4)
  4 adders
  3 worms
  A giant gecko (D:4)
  3 oozes
  2 ball pythons
  A giant cockroach (D:1)
  6 goblins
  16 hobgoblins
  7 kobolds
  6 bats
  A giant newt (D:3)
  10 rats
62 creatures vanquished.

Vanquished Creatures (others)
  A kobold (D:1)
  2 toadstools
3 creatures vanquished.

Grand Total: 65 creatures vanquished

Notes
Turn   | Place    | Note
--------------------------------------------------------------
     0 | D:1      | drugless, the Minotaur Fighter, began the quest for the Orb.
     0 | D:1      | Reached XP level 1. HP: 19/19 MP: 0/0
   129 | D:1      | Reached XP level 2. HP: 26/26 MP: 0/0
   201 | D:1      | Reached skill level 4 in Fighting
   968 | D:2      | Reached XP level 3. HP: 31/33 MP: 1/1
  1925 | D:3      | Reached XP level 4. HP: 32/40 MP: 1/1
  2356 | D:3      | Found a shattered altar of Ashenzari.
  2369 | D:3      | Got an inconspicuous book
  2629 | D:4      | Noticed a slave
  2630 | D:4      | Noticed Pikel
  2630 | D:4      | Noticed a slave
  2630 | D:4      | Noticed a slave
  2684 | D:4      | Killed a slave
  2777 | D:4      | Found Smugie Tiov's Magical Wand Boutique.
  2801 | D:4      | Reached skill level 5 in Armour
  2801 | D:4      | Reached XP level 5. HP: 32/47 MP: 1/1
  2809 | D:4      | Reached skill level 5 in Fighting
  2957 | D:4      | Quit the game
